 Dungeon Crawl Stone Soup version 0.29-a0-857-g9b1aa3ac5b (webtiles) character file.

Game seed: 7050822676540594343

79 kevlar127 the Ruffian (level 4, -3/67 HPs)
             Began as a Troll Berserker on July 16, 2022.
             Was a Believer of Trog.
             Slain by Sigmund
             ... wielding a +0 scythe
              (11 damage)
             ... on level 3 of the Dungeon.
             The game lasted 00:02:39 (1324 turns).

kevlar127 the Ruffian (Troll Berserker)             Turns: 1324, Time: 00:02:39

Health: -3/67      AC:  5    Str: 27    XL:     4   Next: 17%
Magic:  3/3        EV: 10    Int:  3    God:    Trog [**....]
Gold:   116        SH:  5    Dex:  9    Spells: 3/3 levels left

rFire   . . .      SeeInvis .     - Unarmed
rCold   . . .      Faith    .   (no shield)
rNeg    . . .      Spirit   .   a - +0 animal skin
rPois   .          Reflect  +   (helmet restricted)
rElec   .          Harm     .   o - +0 cloak
rCorr   .          Rampage  .   (gloves unavailable)
Will    .....                   (boots unavailable)
Stlth   ..........              r - amulet of reflection
HPRegen 1.01/turn               (no ring)
MPRegen 0.08/turn               (no ring)

@: berserking, very quick
A: large, unfitting armour, claws 3, regeneration 1, shaggy fur 1, tough skin 1
a: Renounce Religion, Berserk, Trog's Hand


You were on level 3 of the Dungeon.
You worshipped Trog.
Trog was pleased with you.
You visited 1 branch of the dungeon, and saw 3 of its levels.

You collected 116 gold pieces.

Inventory:

Missiles
 b - 10 stones (quivered)
 h - 4 large rocks
Armour
 a - a +0 animal skin (worn)
 o - a +0 cloak (worn)
Jewellery
 r - an amulet of reflection (around neck)
 u - an amulet of the acrobat
Scrolls
 c - a scroll of silence {unknown}
 d - a scroll of amnesia {unknown}
 e - a scroll of teleportation {unknown}
 f - 2 scrolls of poison {unknown}
 g - a scroll of fog {unknown}
 l - a scroll of enchant armour {unknown}
 n - 3 scrolls of identify {unknown}
 p - a scroll of magic mapping {unknown}
 q - a scroll of vulnerability {unknown}
Potions
 i - a potion of heal wounds {unknown}
 j - a potion of attraction {unknown}
 k - a potion of lignification {unknown}
 m - 3 potions of curing {unknown}
 s - a potion of flight {unknown}
 t - a potion of mutation {unknown}


   Skills:
 + Level 3.4 Fighting
 - Level 2.4 Dodging
 + Level 4.1 Unarmed Combat


You had 3 spell levels left.
You didn't know any spells.
Your spell library was empty.

Dungeon Overview and Level Annotations

Branches:
Dungeon (3/15)

Altars:
Uskayaw

Annotations:
D:3 Sigmund


Innate Abilities, Weirdness & Mutations

You are too large for most types of armour.
You have claws for hands.
Your natural rate of healing is unusually fast.
You are covered in fur. (AC +1)
You have tough skin. (AC +1)


Message History

Something hits you but does no damage.
You scratch the bush.
The bush is heavily damaged.
You scratch the bush but do no damage. You claw the bush, but do no damage.
The bush is heavily damaged.
Something hits you.
You scratch the bush.
The bush is heavily damaged.
A magic dart appears from out of thin air!
The magic dart hits you.
You scratch the bush but do no damage.
The bush is heavily damaged.
Something hits you.
* * * LOW HITPOINT WARNING * * *
You scratch the bush but do no damage.
The bush is heavily damaged.
You claw the bush!
The bush is severely damaged.
You hear some strange, mumbled words.
Something tries to affect you, but you resist.
Something completely misses you.
A red film seems to cover your vision as you go berserk!
You feel yourself moving faster!
You feel mighty!
Unknown command.
You scratch something. Something hits you!
* * * LOW HITPOINT WARNING * * *
You barely miss something. You miss something.
You hear some strange, mumbled words.
Something tries to affect you, but you resist.
You claw something! You completely miss something.
Unknown command.
You barely miss something. Your claw misses something. You claw something!
Something hits you!
* * * LOW HITPOINT WARNING * * *
You miss something.
Unknown command.
You closely miss something. Something hits you!
You die...

####..#.######
#.######...........
..........#.#######
....>.....#.#
.######.###.####
#.............


#.###P.PPPPPPPP #P.....P... #P@PPP.P.P. #P.{.P...P #PPPPP.PPP #P.....P PPPPP.P
... PPP There were no monsters in sight!

Vanquished Creatures
  An adder (D:2)
  A worm (D:3)
  3 dart slugs
  3 ball pythons
  8 bats
  5 endoplasms
  3 giant cockroaches (D:2)
  4 hobgoblins
  10 jackals
  2 quokkas (D:2)
  3 goblins
  6 kobolds
  6 rats
55 creatures vanquished.

Notes
Turn   | Place    | Note
-------+----------+-------------------------------------------
     0 | D:1      | kevlar127 the Troll Berserker began the quest for the Orb.
     0 | D:1      | Reached XP level 1. HP: 22/22 MP: 0/0
    79 | D:1      | Reached XP level 2. HP: 24/29 MP: 1/1
   581 | D:1      | Reached ** piety under Trog
   693 | D:2      | Reached XP level 3. HP: 37/37 MP: 2/2
   859 | D:2      | Reached skill level 4 in Unarmed Combat
   975 | D:2      | Found a faded altar of an unknown god.
   998 | D:2      | Reached XP level 4. HP: 40/45 MP: 3/3
  1217 | D:3      | Found a hide-covered altar of Uskayaw.
  1293 | D:3      | Noticed Sigmund
  1324 | D:3      | Slain by Sigmund

Illustrated notes

Levels and vault maps discovered:
D:1:      onia_arrival_handbag, layout_basic
D:2:      layout_rooms, hellmonk_ecumenical_altar_dog_temple,
          chequers_hall_statues_corner_a
D:3:      layout_loops_ring, mainiacjoe_overflow_tiny_flanked,
          minmay_hedge_maze, chequers_serial_rivers_room_a, uniq_sigmund,
          uniq_robin

Skill      XL: |  1  2  3 |
---------------+----------+-----
Fighting       | 3 |  3.4
Unarmed Combat | 4 |  4.1
Dodging        | |  2.4

Action                   |  1- 3 |  4- 6 || total
-------------------------+-------+-------++-------
Melee: Unarmed           |   121 |    33 ||   154
       Punch             |     1 |     2 ||     3
Invok: Berserk           |       |     1 ||     1
Armor: Animal skin       |    56 |     2 ||    58
Dodge: Dodged            |    98 |     3 ||   101
Block: Other             |       |     1 ||     1

Table legend: (Time is in decaauts)
 A = Elapsed time spent in this place.
 B = Non-inter-level travel time spent in this place.
 C = Inter-level travel time spent in this place.
 D = Time resting spent in this place.
 E = Time spent auto-exploring this place.
 F = Levels seen in this place.
 G = Mean time per level.
                   A        B        C        D        E       F      G
               +--------+--------+--------+--------+--------+-----+--------+
         Total |   1310 |   1274 |     36 |      0 |    945 |   3 |  436.7 |
       Dungeon |   1310 |   1274 |     36 |      0 |    945 |   3 |  436.7 |
               +--------+--------+--------+--------+--------+-----+--------+

Top non-repeatable levels by time:
     D:1: 664 daAuts
     D:2: 486 daAuts
     D:3: 159 daAuts
